 Dungeon Crawl Stone Soup version 0.30-a0-614-ge5ea1257c2 (webtiles) character file.

Game seed: 7237732065548994316

347120 Rrauwl the Phalangite (level 23, -7/194 HPs)
             Began as a Formicid Fighter on Jan 8, 2023.
             Was a High Priest of Zin.
             Drowned by a water elemental (12 damage)
             ... led by a merfolk aquamancer
             ... on level 3 of the Shoals on Jan 9, 2023.
             The game lasted 03:23:36 (33083 turns).

Rrauwl the Phalangite (Formicid Fighter)           Turns: 33083, Time: 03:23:36

Health: -7/194     AC: 32    Str: 30    XL:     23   Next: 51%
Magic:  37/37      EV:  9    Int: 16    God:    Zin [*****.]
Gold:   2059       SH: 27    Dex: 16    Spells: 22/22 levels left

rFire   + . .      SeeInvis +    a - +5 halberd of Fisoff {spect, rElec rPois SInv}
rCold   + . .      Faith    .    h - +2 tower shield {AC+3}
rNeg    + + .      Spirit   .    O - +1 plate armour {rN+}
rPois   +          Reflect  +    (helmet unavailable)
rElec   +          Harm     .    i - +2 cloak {rCorr}
rCorr   +          Rampage  .    v - +2 pair of gloves {Dex+3}
Will    +++..                    t - +1 pair of boots of Boxev {Contam Regen+ Int+6} Stlth
                                 B - amulet of Isijitwaa {Reflect Regen+ SH+5}
HPRegen 2.12/turn                X - ring of Omeuli {Fire rN+ Will+ Stlth+}
MPRegen 0.25/turn                k - ring of protection from cold

@: engulfed (cannot breathe), studying Fire Magic
A: permanent stasis, dig shafts and tunnels, antennae 3, four strong arms,
iridescent scales 1, cold resistance 1, wild magic 1
}: 1/15 runes: serpentine
a: Dig, Shaft Self, Renounce Religion, Recite, Vitalisation, Imprison,
Sanctuary, Donate Gold


You were on level 3 of the Shoals.
You worshipped Zin.
Zin was extremely pleased with you.
You visited 8 branches of the dungeon, and saw 36 of its levels.
You visited the Abyss 1 time.
You also visited: Bailey.

You collected 6004 gold pieces.
You spent 2177 gold pieces at shops.
You donated 1768 gold pieces to Zin.

Inventory:

Hand Weapons
 a - the +5 halberd of Fisoff (weapon) {spect, rElec rPois SInv}
   (You took it off a naga ritualist on level 1 of the Snake Pit)

   rElec:     It insulates you from electricity.
   rPois:     It protects you from poison.
   SInv:      It lets you see invisible.
 b - the +10 trident of Gin and Tonic {spect, rPois}
   (You bought it in a shop on level 6 of the Dungeon)

   rPois:     It protects you from poison.
 c - a +3 longbow of flaming
 d - the +5 scythe "Finisher" {speed, eviscerate}
   (You took it off a deep elf demonologist on level 3 of the Elven Halls)

   It may eviscerate those it strikes, slaying them instantly, with a decreasing
   chance against stronger foes.
Missiles
 e - 3 throwing nets
 E - 5 boomerangs of dispersal
Armour
 h - a +2 tower shield of protection (worn)
 i - a +2 cloak of preservation (worn)
 t - the +1 pair of boots of Boxev (worn) {Contam Regen+ Int+6}
   (You found it in a bailey)

   Int:       It affects your intelligence (+6).
   Contam:    It causes magical contamination when unequipped.
   Regen:     It increases your rate of health regeneration.
 v - a +2 pair of gloves of dexterity (worn)
 O - a +1 plate armour of positive energy (worn)
Jewellery
 k - a ring of protection from cold (right hand)
 s - the ring "Enkuq" {Fly rElec rF- Stlth+}
   (You found it on level 3 of the Elven Halls)

   [ring of flight]

   rF:        It makes you vulnerable to fire.
   rElec:     It insulates you from electricity.
   Fly:       It grants you flight.
   Stlth:     It makes you more stealthy.
 u - a ring of positive energy
 B - the amulet of Isijitwaa (around neck) {Reflect Regen+ SH+5}
   (You found it on level 3 of the Elven Halls)

   [amulet of reflection]

   It reflects blocked missile attacks.
   Regen:     It increases your rate of health regeneration.
   SH:        It affects your SH (+5).
 F - a ring of protection from cold
 W - a ring of protection from fire
 X - the ring of Omeuli (left hand) {Fire rN+ Will+ Stlth+}
   (You took it off a deep elf annihilator on level 3 of the Elven Halls)

   [ring of fire]

   It enhances your fire magic.
   rF:        It protects you from fire.
   rC:        It makes you vulnerable to cold.
   rN:        It protects you from negative energy.
   Will:      It increases your willpower.
   Stlth:     It makes you more stealthy.
Wands
 j - a wand of digging (12)
 w - a wand of mindburst (34)
 y - a wand of flame (73)
 z - a wand of acid (2)
 C - a wand of roots (53)
 G - a wand of charming (3)
Scrolls
 g - 2 scrolls of magic mapping
 m - a scroll of butterflies
 n - 2 scrolls of immolation
 q - 4 scrolls of silence
 r - 6 scrolls of fog
 x - 2 scrolls of poison
 A - 2 scrolls of amnesia
 K - 3 scrolls of fear
Potions
 f - a potion of resistance
 l - a potion of invisibility
 o - 3 potions of flight
 p - a potion of lignification
 D - 4 potions of cancellation
 J - 14 potions of curing
 L - 3 potions of mutation
 S - a potion of attraction
 U - a potion of might
Miscellaneous
 H - a tin of tremorstones (2/2)
 I - a phantom mirror
 Z - a lightning rod (4/4)


   Skills:
 - Level 19.0 Fighting
 + Level 26.2(26.5) Polearms
 - Level 7.5(18.8) Staves
 - Level 9.0 Ranged Weapons
 - Level 15.0 Armour
 - Level 4.0 Dodging
 - Level 4.0 Stealth
 - Level 16.0 Shields
 - Level 20.0 Invocations
 - Level 4.0 Evocations


You had 22 spell levels left.
You didn't know any spells.
Your spell library contained the following spells:

 Spells                   Type           Power      Damage    Failure   Level
 Magic Dart               Conj           0%         1d3       99%         1
 Sandblast                Erth           0%         2d4       99%         1
 Slow                     Hex            0%         N/A       99%         1
 Call Imp                 Summ           0%         N/A       99%         2
 Cigotuvi's Dreadful Rot  Necr/Pois/Air  0%         N/A       99%         2
 Ensorcelled Hibernation  Hex/Ice        0%         N/A       99%         2
 Momentum Strike          Conj/Tloc      0%         3d8       99%         2
 Passwall                 Tmut/Erth      0%         N/A       99%         2
 Poisonous Vapours        Pois/Air       0%         N/A       99%         2
 Scorch                   Fire           0%         2d5       99%         2
 Static Discharge         Conj/Air       0%         2-2/arc   99%         2
 Sublimation of Blood     Necr           0%         N/A       99%         2
 Confusing Touch          Hex            0%         N/A       100%        3
 Frozen Ramparts          Ice            0%         1d1       100%        3
 Ignite Poison            Fire/Tmut/Pois 0%         N/A       100%        3
 Kindle Blastsparks       Fire/Tloc/Air  0%         2d10      100%        3
 Lesser Beckoning         Tloc           0%         N/A       100%        3
 Mephitic Cloud           Conj/Pois/Air  0%         N/A       100%        3
 Stone Arrow              Conj/Erth      0%         3d7       100%        3
 Summon Guardian Golem    Hex/Summ       0%         N/A       100%        3
 Vampiric Draining        Necr           0%         2d6       100%        3
 Airstrike                Air            0%         2d(0-16)  100%        4
 Animate Armour           Summ/Erth      0%         N/A       100%        4
 Flame Wave               Conj/Fire      0%         2d4       100%        4
 Ice Form                 Ice/Tmut       0%         N/A       100%        4
 Leda's Liquefaction      Hex/Erth       0%         N/A       100%        4
 Olgreb's Toxic Radiance  Pois           0%         N/A       100%        4
 Passage of Golubria      Tloc           0%         N/A       100%        4
 Petrify                  Tmut/Erth      0%         N/A       100%        4
 Summon Ice Beast         Ice/Summ       0%         N/A       100%        4
 Summon Lightning Spire   Summ/Air       0%         N/A       100%        4
 Freezing Cloud           Conj/Ice/Air   0%         6-21      100%        5
 Irradiate                Conj/Tmut      0%         3d11      100%        5
 Iskenderun's Battlesphe  Conj           0%         2d6       100%        5
 Lee's Rapid Deconstruct  Erth           0%         3d4*      100%        5
 Lightning Bolt           Conj/Air       0%         1d11      100%        5
 Silence                  Hex/Air        0%         N/A       100%        5
 Conjure Ball Lightning   Conj/Air       0%         3x3d6     100%        6
 Iron Shot                Conj/Erth      0%         9d1       100%        6
 Statue Form              Tmut/Erth      0%         N/A       100%        6
 Orb of Destruction       Conj           0%         9d5       100%        7
 Ozocubu's Refrigeration  Ice            0%         4d7       100%        7
 Spellforged Servitor     Conj/Summ      0%         N/A       100%        7
 Ignition                 Fire           0%         3d3       100%        8
 Lehudib's Crystal Spear  Conj/Erth      0%         10d2      100%        8
 Fire Storm               Conj/Fire      0%         5d1       100%        9
 Blink                    Tloc           Unusable   N/A       N/A         2
 Swiftness                Air            Unusable   N/A       N/A         3

Dungeon Overview and Level Annotations

Branches:
Dungeon (15/15)            Temple (1/1) D:4            Lair (5/5) D:11
 Shoals (3/4) Lair:2        Snake (4/4) Lair:2        Slime (0/5) Lair:5
    Orc (2/2) D:9             Elf (3/3) Orc:2        Vaults (0/5) D:13
 Depths (3/4) D:15         Bailey (visited)

Altars:
Ashenzari
Cheibriados
Dithmenos
Elyvilon
Fedhas
Gozag
Hepliaklqana
Kikubaaqudgha
Makhleb
Nemelex Xobeh
Okawaru
Qazlal
Ru
Sif Muna
Trog
Uskayaw
Vehumet
Wu Jian
Xom
Yredelemnul
Zin
The Shining One
Jiyva
Lugonu

Shops:
D:2 !   D:4 !   D:6 *   D:14 !   Orc:2 (?:(*   Elf:2 [   Snake:3 ((*
Depths:1 =::   Depths:2 ?

Portals:
Hell: Depths:1 Depths:2 Depths:3
Abyss: Depths:3
Pandemonium: Depths:1 Depths:2 Depths:3

Annotations:
Depths:3 exclusion: ice statue


Innate Abilities, Weirdness & Mutations

You cannot be hasted, slowed, berserked, paralysed or teleported.
You can dig through walls and to a lower floor.
You have a pair of large antennae on your head. (SInv)
Your four strong arms can wield two-handed weapons with a shield.
You are partially covered in iridescent scales. (AC +2)
Your flesh is cold resistant. (rC+)
Your spells are a little harder to cast, but a little more powerful.


Message History

You block the merfolk's attack. The snapping turtle closely misses you.
The manticore closely misses you. You block the manticore's attack.
The manticore claws you.
* * * LOW HITPOINT WARNING * * *
Okay, then.
Okay, then.
You slip free of the water engulfing you.
The manticore attacks as you move away! The manticore barely misses you. x2
You block the manticore's attack.
* * * LOW HITPOINT WARNING * * *
Your lungs strain for air!
You block the water elemental's attack. The merfolk closely misses you.
The water elemental hits you!
* * * LOW HITPOINT WARNING * * *
You block the snapping turtle's attack. The merfolk barely misses you.
Things that are here:
a +0 rapier; a +0 robe; a merfolk corpse You feel much better.
* * * LOW HITPOINT WARNING * * *
Your lungs strain for air!
The manticore bites you but does no damage.
The manticore closely misses you. You block the manticore's attack.
You block the water elemental's attack.
The snapping turtle bites you from afar.
* * * LOW HITPOINT WARNING * * *
The merfolk hits you but does no damage.
You slip free of the water engulfing you.
* * * LOW HITPOINT WARNING * * *
Your lungs strain for air!
You block the water elemental's attack. You block the merfolk's attack.
The manticore bites you but does no damage.
You block the manticore's attack.
The manticore claws you but does no damage.
The snapping turtle bites you from afar!
* * * LOW HITPOINT WARNING * * *
You block the water elemental's attack.
There is a stone staircase leading up, spattered with blood here.
Okay, then.
Okay, then.
You die...

~~~~~~≈≈≈≈≈≈≈≈≈≈~
~~~≈≈≈≈≈≈≈≈≈≈≈≈~~
~~~≈≈≈≈≈~~~≈≈≈≈~~
~~≈≈≈≈≈~~~~~≈≈~~~
~≈≈≈≈≈≈~~~~~~~~~~
~≈≈≈≈≈≈~..~~~~~~.
≈≈≈≈≈≈≈.~~.~~~~~.
≈≈≈≈#m~@~~~~~~..~
~≈≈≈≈≈≈HE~~~~..~~
P≈≈≈≈≈≈t~~≈~~~~~~
P~P~≈§≈~~~≈≈≈≈~~~
~P~≈≈§~§~~≈≈≈~~~~
~~P~≈~~~~≈≈≈~~~~~
P~~~~~~~~~~~~~~.~
~~~.P~~~~~~~~~~~~
~P~P~~~~~~~~~~≈~~


You could see a snapping turtle, a merfolk, a manticore and a water elemental.

Vanquished Creatures
  A juggernaut (Depths:1)
  7 caustic shrikes
  3 golden dragons
  Nikola (Snake:3)
  Jorgrun (Elf:1)
  Zenata (Elf:3)
  A walking crystal tome (Depths:3)
  3 liches
  A walking earthen tome (Depths:2)
  A titan (Depths:3)
  A tentacled monstrosity (Depths:3)
  2 deep elf blademasters
  A quicksilver dragon (Depths:3)
  2 deep elf master archers (Elf:3)
  An Executioner (Abyss:3)
  2 tentacled starspawn (Abyss:3)
  2 frost giants (Depths:3)
  Roxanne (Shoals:2)
  6 fire giants
  A nagaraja (Snake:4)
  A balrug (Depths:3)
  3 deep elf sorcerers
  Aizul (Snake:1)
  An orc warlord (Orc:1)
  Louise (Elf:3)
  A cacodemon (Abyss:3)
  5 deep elf elementalists (Elf:3)
  An ironbound preserver (D:13)
  6 stone giants
  17 very ugly things
  2 vampire knights
  A deep elf demonologist (Elf:3)
  8 deep elf annihilators
  A lorocyproca (Depths:1)
  4 spark wasps (Depths:1)
  A bunyip (Abyss:3)
  5 deep elf death magi (Elf:3)
  5 ettins
  3 jiangshi (Depths:1)
  A blizzard demon (Depths:3)
  5 fire dragons
  2 merfolk impalers
  A merfolk javelineer (Depths:1)
  Josephine (D:11)
  6 deep elf high priests
  7 salamander tyrants (Snake:4)
  Harold (Orc:1)
  2 spriggan air magi
  2 rakshasas
  8 ice dragons
  3 catoblepae (Lair:5)
  5 hydras
  5 boulder beetles
  2 merfolk aquamancers
  2 ogre magi (Orc:1)
  27 dancing weapons
  An alligator snapping turtle (Shoals:2)
  6 centaur warriors
  23 naga warriors
  2 two-headed ogres
  9 deep troll shamans
  2 satyrs
  14 anacondas
  9 spriggan berserkers
  A thrashing horror (Abyss:3)
  20 death yaks
  4 hell hogs
  A two-headed ogre (shapeshifter) (Depths:1)
  4 vampire magi
  6 deep troll earth magi
  10 tengu warriors
  17 hell knights
  8 naga sharpshooters
  3 sun demons (Depths:3)
  4 soul eaters
  21 deep elf knights
  4 shock serpents
  A fire crab (shapeshifter) (Elf:2)
  7 iron trolls
  A storm dragon zombie (D:15)
  A sixfirhy (Abyss:3)
  3 salamander mystics
  5 sea snakes
  3 shadow wraiths
  Lodul (D:11)
  7 glowing orange brains
  A flayed ghost (Depths:1)
  8 skeletal warriors
  12 deep trolls
  A deep troll (shapeshifter) (Elf:2)
  2 quicksilver dragon simulacra (Depths:3)
  14 naga ritualists
  8 harpies (Shoals:2)
  13 deep elf archers
  13 orc knights
  2 wizards
  5 necromancers
  19 mana vipers
  31 deep elf pyromancers
  A frost giant zombie (Depths:2)
  29 deep elf zephyrmancers
  A fire giant zombie (D:15)
  24 ugly things
  2 starcursed masses (Abyss:3)
  A mana viper (shapeshifter) (Abyss:3)
  A shadow dragon skeleton (Depths:2)
  A tengu skeleton (Depths:2)
  5 orc sorcerers
  15 salamanders
  11 cyclopes
  13 manticores
  9 fauns
  A worldbinder (Abyss:3)
  Maurice (D:13)
  3 merfolk sirens
  4 elephants (Lair:3)
  22 naga magi
  A frost giant skeleton (D:15)
  35 black mambas
  A rust devil (D:9)
  7 smoke demons
  12 guardian serpents
  A guardian serpent (shapeshifter) (Depths:2)
  2 water nymphs
  2 orange demons
  An unseen horror (D:12)
  2 gargoyles
  14 cane toads
  5 kobold demonologists
  2 efreet
  8 komodo dragons
  A komodo dragon (shapeshifter) (Elf:1)
  4 red devils
  2 rime drakes
  3 ice devils (Depths:3)
  4 tengu conjurers
  3 freezing wraiths (Depths:3)
  A spriggan skeleton (D:15)
  7 trolls
  4 harpy zombies (Shoals:2)
  3 meliai (D:14)
  A polar bear (Lair:5)
  7 hornets
  A hellwing (Depths:1)
  7 merfolk
  6 snapping turtles
  2 wind drakes (Shoals:2)
  A raiju (shapeshifter) (Elf:1)
  11 blink frogs
  A jumping spider (shapeshifter) (D:14)
  7 wraiths (D:11)
  2 ynoxinuls
  5 air elementals
  10 slime creatures
  2 shadows
  A vampire (D:13)
  31 yaks
  3 spriggans (Depths:3)
  3 large abominations (Abyss:3)
  11 water elementals
  A wyvern (Lair:3)
  5 fire elementals
  A hog (shapeshifter) (Elf:1)
  A yak (shapeshifter) (D:10)
  A neqoxec (Abyss:3)
  3 hogs (D:10)
  5 vampire mosquitoes
  A human (D:10)
  6 basilisks
  3 chaos spawn (D:9)
  3 steam dragons
  11 wargs
  2 acid dragons (D:11)
  54 nagas
  A floating eye (Orc:1)
  13 water moccasins
  2 ice beasts
  47 orc warriors
  2 ettin simulacra (Depths:3)
  4 boggarts (D:15)
  2 manticore zombies (Shoals:2)
  12 ogres
  40 wolves
  19 centaurs
  9 bullfrogs
  4 kobold brigands
  A gnoll sergeant (D:9)
  4 necrophages
  2 scorpions (D:5)
  An earth elemental (Elf:1)
  17 wights
  11 killer bees
  4 howler monkeys
  2 electric eels (D:10)
  2 small abominations (Abyss:3)
  3 lava snakes (Lair:2)
  10 jellies
  17 orc priests
  6 hounds
  Crazy Yiuf (D:2)
  4 iguanas
  Jessica (D:2)
  7 hell rats (Lair:1)
  17 orc wizards
  7 gnolls
  12 adders
  2 shadow imps
  2 white imps
  2 ufetubi
  5 dart slugs
  105 orcs
  5 ball pythons
  7 endoplasms
  3 giant cockroaches
  10 goblins
  12 hobgoblins
  3 jackals (D:2)
  A quokka (D:4)
  5 bats
  5 frilled lizards
  28 kobolds
  8 rats
  A plant (Shoals:1)
  5 starspawn tentacles (Abyss:3)
1484 creatures vanquished.

Vanquished Creatures (others)
  2 very ugly things (Depths:1)
  A tengu warrior (Depths:1)
  A deep elf zephyrmancer (Elf:2)
  A mana viper (Snake:4)
  A deep elf pyromancer (Elf:3)
  An ugly thing (Depths:1)
  A naga mage (Snake:3)
  A black mamba (Snake:3)
  2 nagas (Snake:3)
  3 demonic plants
  20 fungi
  53 plants
  A starspawn tentacle (Abyss:3)
  9 withered plants (D:15)
97 creatures vanquished.

Grand Total: 1581 creatures vanquished

Notes
Turn   | Place    | Note
-------+----------+-------------------------------------------
     0 | D:1      | Rrauwl the Formicid Fighter began the quest for the Orb.
     0 | D:1      | Reached XP level 1. HP: 18/18 MP: 1/1
    97 | D:1      | Reached XP level 2. HP: 24/24 MP: 2/2
   295 | D:1      | Reached XP level 3. HP: 30/30 MP: 3/3
   902 | D:2      | Reached skill level 3 in Polearms
   902 | D:2      | Reached XP level 4. HP: 37/37 MP: 4/4
   956 | D:2      | Found a runed translucent door.
   957 | D:2      | Noticed Crazy Yiuf
  1133 | D:2      | Found Kiobiat's Distillery.
  1349 | D:2      | Found a faded altar of an unknown god.
  1349 | D:2      | Noticed a lorocyproca
  1428 | D:2      | Noticed Jessica
  1433 | D:2      | Killed Jessica
  1434 | D:2      | Reached XP level 5. HP: 42/42 MP: 3/5
  1697 | D:2      | Killed Crazy Yiuf
  1698 | D:2      | Reached skill level 1 in Dodging
  1876 | D:3      | Found a glowing golden altar of the Shining One.
  1879 | D:3      | Found a shimmering altar of Xom.
  1979 | D:3      | Reached skill level 4 in Polearms
  1987 | D:3      | Found a shimmering blue altar of Sif Muna.
  2319 | D:3      | Found a sparkling altar of Nemelex Xobeh.
  2573 | D:4      | Found a staircase to the Ecumenical Temple.
  2588 | D:4      | Reached XP level 6. HP: 37/48 MP: 6/6
  2592 | Temple   | Entered the Ecumenical Temple
  2763 | D:4      | Reached skill level 1 in Staves
  2865 | D:4      | Gained mutation: You are partially covered in iridescent
                  | scales. (AC +2) [potion of mutation]
  2865 | D:4      | Gained mutation: Your spells are a little harder to cast,
                  | but a little more powerful. [potion of mutation]
  2865 | D:4      | Gained mutation: Your flesh is cold resistant. (rC+)
                  | [potion of mutation]
  2903 | D:4      | Reached XP level 7. HP: 53/55 MP: 5/7
  3047 | D:4      | Found Ecemaump's Distillery.
  3055 | D:4      | Bought a potion of lignification for 36 gold pieces
  3199 | D:5      | Entered Level 5 of the Dungeon
  3199 | D:5      | You fall into a shaft and drop 1 floor!
  3212 | D:6      | Reached skill level 5 in Polearms
  3368 | D:6      | Noticed a steam dragon
  3380 | D:6      | Killed a steam dragon
  3381 | D:6      | Reached XP level 8. HP: 57/61 MP: 6/8
  3537 | D:6      | Reached skill level 5 in Fighting
  3537 | D:6      | Reached skill level 5 in Armour
  3537 | D:6      | Reached skill level 5 in Shields
  3594 | D:6      | Reached skill level 5 in Staves
  3631 | D:6      | Found Wojerhe's Assorted Antiques.
  3639 | D:6      | Bought a fizzy coppery potion for 22 gold pieces
  3639 | D:6      | Bought an encrusted trident for 212 gold pieces
  3639 | D:6      | Identified the +10 trident of Gin and Tonic {spect, rPois}
                  | (You bought it in a shop on level 6 of the Dungeon)
  3906 | D:6      | Found an iron altar of Okawaru.
  4085 | D:7      | Reached skill level 1 in Stealth
  4139 | D:7      | Found a flagged portal.
  4150 | Bailey   | Entered a bailey
  4195 | Bailey   | Noticed an orc knight
  4200 | Bailey   | Reached XP level 9. HP: 45/68 MP: 5/9
  4220 | Bailey   | Killed an orc knight
  4221 | Bailey   | Reached skill level 1 in Evocations
  4444 | Bailey   | Found a large runed translucent door.
  4444 | Bailey   | Found a large runed translucent door.
  4445 | Bailey   | Noticed a deep elf pyromancer
  4550 | Bailey   | Killed a deep elf pyromancer
  4551 | Bailey   | Reached skill level 6 in Polearms
  4551 | Bailey   | Reached XP level 10. HP: 61/76 MP: 6/10
  4563 | Bailey   | Identified the +1 pair of boots of Boxev {Contam Regen+
                  | Int+6}
  5016 | D:7      | Reached skill level 7 in Polearms
  6501 | D:9      | Noticed a smoke demon
  6508 | D:8      | Killed a smoke demon
  6509 | D:8      | Reached skill level 8 in Polearms
  6560 | D:9      | Reached XP level 11. HP: 71/84 MP: 8/11
  6652 | D:9      | Found a staircase to the Orcish Mines.
  6691 | D:9      | Reached skill level 9 in Polearms
  6930 | D:9      | Noticed a soul eater
  6944 | D:9      | Killed a soul eater
  7013 | D:9      | Reached skill level 10 in Polearms
  7449 | D:10     | Entered Level 10 of the Dungeon
  7799 | D:10     | Reached XP level 12. HP: 87/92 MP: 10/12
  7964 | D:10     | Found a corrupted altar of Lugonu.
  8291 | D:11     | Noticed a two-headed ogre
  8295 | D:11     | Killed a two-headed ogre
  8343 | D:11     | Noticed a boulder beetle
  8362 | D:11     | Killed a boulder beetle
  8399 | D:11     | Noticed Lodul
  8403 | D:11     | Killed Lodul
  8404 | D:11     | Reached skill level 11 in Polearms
  8404 | D:11     | Reached skill level 10 in Armour
  8573 | D:11     | Reached skill level 10 in Shields
  8648 | D:11     | Found a staircase to the Lair.
  9065 | D:5      | Identified the +1 whip "Death Rattle" {protect, Int+2}
  9321 | Temple   | Became a worshipper of Zin the Law-Giver
  9321 | Temple   | Reached * piety under Zin
  9321 | Temple   | Reached ** piety under Zin
  9323 | Temple   | Donated 364 gold pieces to Zin
  9529 | Lair:1   | Entered Level 1 of the Lair of Beasts
  9548 | Lair:1   | Reached *** piety under Zin
  9629 | Lair:1   | Reached skill level 12 in Polearms
 10332 | Lair:2   | Reached XP level 13. HP: 98/98 MP: 13/13
 10377 | Lair:2   | Reached skill level 13 in Polearms
 10429 | Lair:2   | You fall into a shaft and drop 2 floors!
 10497 | Lair:4   | Reached skill level 5 in Invocations
 10575 | Lair:2   | Found a staircase to the Snake Pit.
 10668 | Lair:2   | Noticed a five-headed hydra
 10679 | Lair:2   | Killed a five-headed hydra
 10705 | Lair:2   | Found a staircase to the Shoals.
 11558 | Lair:3   | Reached **** piety under Zin
 11605 | Lair:3   | Reached skill level 10 in Invocations
 11788 | Lair:3   | Reached XP level 14. HP: 105/105 MP: 19/21
 13034 | Lair:5   | Entered Level 5 of the Lair of Beasts
 13035 | Lair:5   | Upgraded the game from 0.30-a0-610-gb513c0a51f to
                  | 0.30-a0-614-ge5ea1257c2
 13081 | Lair:5   | Found a viscous altar of Jiyva.
 13121 | Lair:5   | Found a staircase to the Slime Pits.
 13146 | Lair:5   | Reached skill level 15 in Shields
 13275 | Lair:5   | Found an ornate altar of the Wu Jian Council.
 13280 | Lair:5   | Found a hide-covered altar of Uskayaw.
 13333 | Lair:5   | Reached ***** piety under Zin
 14137 | Lair:5   | Reached XP level 15. HP: 99/110 MP: 22/24
 14503 | D:11     | Noticed Josephine
 14516 | D:11     | Killed Josephine
 14958 | D:12     | Found a radiant altar of Vehumet.
 15015 | D:12     | Reached skill level 10 in Fighting
 15707 | D:13     | Identified the +1 leather armour of Duck's Teeth {+Inv Fly
                  | rElec Str-3}
 15749 | D:13     | Noticed Maurice
 15755 | D:13     | Killed Maurice
 15781 | D:13     | Reached ****** piety under Zin
 15784 | D:13     | Noticed an ironbound preserver
 15785 | D:13     | Found a gate to the Vaults.
 15818 | D:13     | Killed an ironbound preserver
 16414 | D:14     | Reached skill level 14 in Polearms
 16531 | D:14     | Reached skill level 1 in Ranged Weapons
 16838 | D:14     | Found Joxyaka's Distillery.
 16850 | D:14     | Bought a potion of heal wounds for 70 gold pieces
 16850 | D:14     | Bought a potion of curing for 42 gold pieces
 17308 | D:15     | Entered Level 15 of the Dungeon
 17312 | D:14     | Reached XP level 16. HP: 127/127 MP: 25/25
 17647 | D:15     | Found a staircase to the Depths.
 18105 | Orc:1    | Entered Level 1 of the Orcish Mines
 18197 | Orc:2    | Entered Level 2 of the Orcish Mines
 18202 | Orc:2    | Reached skill level 5 in Ranged Weapons
 18400 | Orc:1    | Reached skill level 15 in Polearms
 18569 | Orc:1    | Found a shimmering altar of Xom.
 18591 | Orc:1    | Noticed Harold
 18598 | Orc:1    | Killed Harold
 18797 | Orc:2    | Found Vomano's Vocational Training.
 19049 | Orc:2    | Found Ynuir Zer's Weapon Emporium.
 19064 | Orc:2    | Found Pos Vido's Magic Scroll Shop.
 19088 | Orc:2    | Bought a scroll of fog for 64 gold pieces
 19088 | Orc:2    | Bought a scroll of fear for 64 gold pieces
 19088 | Orc:2    | Bought a scroll of brand weapon for 152 gold pieces
 19325 | Orc:2    | Found a staircase to the Elven Halls.
 19570 | Orc:2    | Found Vimap's General Store.
 19570 | Orc:2    | Found Ruonlidghuu's Weapon Emporium.
 19576 | Orc:2    | Bought a potion of invisibility for 88 gold pieces
 19576 | Orc:2    | Bought a scroll of butterflies for 44 gold pieces
 19620 | Orc:2    | Bought a manual of Invocations for 1200 gold pieces
 19645 | Elf:1    | Entered Level 1 of the Elven Halls
 19700 | Elf:1    | Found a radiant altar of Vehumet.
 19710 | Elf:1    | Noticed a deep elf sorcerer
 19721 | Elf:1    | Killed a deep elf sorcerer
 19771 | Elf:1    | Reached XP level 17. HP: 133/133 MP: 27/27
 19886 | Elf:1    | Reached skill level 15 in Invocations
 19978 | Elf:1    | Noticed Jorgrun
 19992 | Elf:1    | Killed Jorgrun
 20089 | Elf:1    | You fall into a shaft and drop 1 floor!
 20902 | Elf:2    | Found Ytodare's Antique Armour Shoppe.
 21106 | Elf:2    | Found a huge runed translucent gate.
 21106 | Elf:2    | Found a huge runed translucent gate.
 21106 | Elf:2    | Found a huge runed translucent gate.
 21106 | Elf:2    | Found a huge runed translucent gate.
 21110 | Elf:2    | Found a huge runed translucent gate.
 21384 | Elf:2    | Noticed a deep elf blademaster
 21397 | Elf:2    | Killed a deep elf blademaster
 21398 | Elf:2    | Reached XP level 18. HP: 90/140 MP: 32/32
 21694 | Elf:3    | Entered Level 3 of the Elven Halls
 21835 | Elf:3    | Noticed a deep elf master archer
 21850 | Elf:3    | Killed a deep elf master archer
 21930 | Elf:3    | Identified a scroll of acquirement
 21948 | Elf:3    | Acquired a manual of Fighting
 22001 | Elf:3    | Reached skill level 15 in Armour
 22029 | Elf:3    | Noticed Louise
 22030 | Abyss:3  | Cast into level 3 of the Abyss (Louise)
 22202 | Abyss:3  | Noticed an Executioner
 22211 | Abyss:3  | Killed an Executioner
 22280 | Abyss:3  | Reached skill level 15 in Fighting
 22310 | Elf:3    | Escaped the Abyss
 22319 | Elf:3    | Killed Louise
 22335 | Elf:3    | Noticed a deep elf master archer
 22340 | Elf:3    | Killed a deep elf master archer
 22345 | Elf:3    | Noticed a deep elf blademaster
 22356 | Elf:3    | Killed a deep elf blademaster
 22390 | Elf:3    | Reached XP level 19. HP: 156/161 MP: 33/33
 22454 | Elf:3    | Noticed Zenata
 22475 | Elf:3    | Killed Zenata
 22523 | Elf:3    | Identified the +1 leather armour of Unreason {Str-2 Dex+4
                  | Stlth+}
 22602 | Elf:3    | Identified the +7 rapier of Supply {flame, Str+2 SInv}
 22602 | Elf:3    | Identified the ring of Omeuli {Fire rN+ Will+ Stlth+}
 22619 | Elf:3    | Identified the +9 morningstar of Objectivity {pain, Int+4}
 22619 | Elf:3    | Identified the amulet of Utemeud {RegenMP rPois rC+++ MP+9
                  | Int-2}
 22632 | Elf:3    | Identified the -1 cloak of Zoqidd {rElec Str+4}
 22634 | Elf:3    | Got the Annotations on Embers
 22636 | Elf:3    | Identified the ring "Enkuq" {Fly rElec rF- Stlth+}
 22640 | Elf:3    | Identified the +4 scale mail of Ximp {rPois rF- rC+}
 22643 | Elf:3    | Identified the +4 quarterstaff of Heol {spect, Str+5}
 22657 | Elf:3    | Identified the amulet of Isijitwaa {Reflect Regen+ SH+5}
 23493 | Snake:1  | Entered Level 1 of the Snake Pit
 24237 | Snake:1  | Noticed Aizul
 24251 | Snake:1  | Killed Aizul
 24323 | Snake:1  | Reached skill level 16 in Polearms
 24328 | Snake:1  | Identified the +5 halberd of Fisoff {spect, rElec rPois
                  | SInv}
 24355 | Snake:1  | Got Zauss's Omnibus of Charged Degeneration
 24430 | Snake:1  | Identified the +1 scale mail of Perfidy {Rampage Fly Int+9}
 24764 | Snake:2  | Reached skill level 17 in Polearms
 25247 | Snake:3  | Reached XP level 20. HP: 172/174 MP: 34/34
 25346 | Snake:3  | Found Het Akhlusi's General Store.
 25395 | Snake:3  | Found Dozxebb's Weapon Emporium.
 25399 | Snake:3  | Found Wuyt's Weapon Shoppe.
 25403 | Snake:3  | Bought a potion of heal wounds for 50 gold pieces
 25433 | Snake:3  | Noticed Nikola
 25464 | Snake:3  | Killed Nikola
 25685 | Snake:3  | Reached skill level 18 in Polearms
 25979 | Snake:4  | Entered Level 4 of the Snake Pit
 26250 | Snake:4  | Reached skill level 19 in Polearms
 26589 | Snake:4  | Got a serpentine rune of Zot
 27034 | Snake:4  | Reached skill level 20 in Polearms
 27383 | Depths:1 | Entered Level 1 of the Depths
 27637 | Depths:1 | Reached XP level 21. HP: 121/180 MP: 35/35
 27715 | Depths:1 | Found a broken altar of Ashenzari.
 27731 | Depths:1 | Found a hide-covered altar of Uskayaw.
 27953 | Depths:1 | Found a gateway to Hell.
 28099 | Depths:1 | Reached skill level 21 in Polearms
 28122 | Depths:1 | Found Fuqeing's Jewellery Emporium.
 28122 | Depths:1 | Found Ipsilid's Book Boutique.
 28198 | Depths:1 | Found Jigu's Book Boutique.
 28432 | Depths:1 | Found a one-way gate leading to the halls of Pandemonium.
 28835 | Depths:2 | Noticed a golden dragon
 28837 | Depths:2 | Noticed a caustic shrike
 28838 | Depths:2 | Reached skill level 22 in Polearms
 28914 | Depths:2 | Noticed a juggernaut
 28932 | Depths:1 | Killed a juggernaut
 29085 | Depths:2 | Found a glowing golden altar of the Shining One.
 29090 | Depths:2 | Identified the +9 rapier of Yfung {flame, rElec rF+ Int+2}
 29110 | Depths:1 | Killed a caustic shrike
 29289 | Depths:2 | Reached XP level 22. HP: 162/187 MP: 36/36
 29320 | Depths:2 | Reached skill level 23 in Polearms
 29441 | Depths:2 | Identified the +11 rapier of the Valley of Death {vamp,
                  | Int+3 Dex+7}
 29449 | Depths:2 | Found a glowing silver altar of Zin.
 29449 | Depths:2 | Found an ancient bone altar of Kikubaaqudgha.
 29449 | Depths:2 | Found a bloodstained altar of Trog.
 29490 | Depths:2 | Killed a golden dragon
 29737 | Depths:2 | Found Opoimp's Magic Scroll Shop.
 29741 | Depths:2 | Bought a scroll of silence for 133 gold pieces
 30272 | Depths:3 | Reached skill level 24 in Polearms
 30367 | Depths:3 | Found a bloodstained altar of Trog.
 30494 | Depths:3 | Identified the +1 trident of Chagrin {speed, rN+}
 30520 | Depths:3 | Found a hazy altar of Hepliaklqana.
 30597 | Depths:3 | Found a one-way gate to the infinite horrors of the Abyss.
 30625 | Depths:3 | Noticed a golden dragon
 30628 | Depths:3 | Noticed a golden dragon
 30629 | Depths:3 | Killed a golden dragon
 30636 | Depths:3 | Killed a golden dragon
 30637 | Depths:3 | Noticed a caustic shrike
 30640 | Depths:3 | Noticed a caustic shrike
 30641 | Depths:3 | Noticed a caustic shrike
 30648 | Depths:3 | Killed a caustic shrike
 30729 | Depths:2 | Killed a caustic shrike
 31024 | Depths:3 | Killed a caustic shrike
 31074 | Depths:3 | Reached skill level 25 in Polearms
 31120 | Depths:3 | Reached XP level 23. HP: 97/191 MP: 37/37
 31150 | Depths:3 | Noticed a caustic shrike
 31154 | Depths:3 | Noticed a caustic shrike
 31154 | Depths:3 | Noticed a caustic shrike
 31156 | Depths:3 | Noticed a caustic shrike
 31156 | Depths:3 | Noticed a caustic shrike
 31244 | Depths:3 | Donated 1024 gold pieces to Zin
 31290 | Depths:3 | Killed a caustic shrike
 31329 | Depths:3 | Killed a caustic shrike
 31333 | Depths:3 | Killed a caustic shrike
 31341 | Depths:3 | Found a shimmering altar of Xom.
 31631 | Shoals:1 | Entered Level 1 of the Shoals
 31909 | Shoals:1 | Acquired 884 gold pieces
 32445 | Shoals:2 | Noticed Roxanne
 32466 | Shoals:2 | Killed Roxanne
 32576 | Shoals:2 | Reached skill level 26 in Polearms
 33082 | Shoals:3 | HP: 9/194 [drowned by a water elemental[a merfolk
                  | aquamancer] (18)]
 33083 | Shoals:3 | Drowned by a water elemental

Illustrated notes

Levels and vault maps discovered:
D:1:      amcnicky_arrival_choice, layout_loops_ring, moated_statue
D:2:      layout_loops_ring, dreamdust_ecumenical_altar_sealed_demon,
          serial_shops, nicolae_shop_advertising_works
          [nicolae_subvault_shop_adworks], eino_curves_01, minivault_26,
          uniq_jessica, uniq_crazy_yiuf_cottage
D:3:      layout_rooms, marbit_many_paths, jmf_multi_god_temple,
          nicolae_sif_muna_condensation
D:4:      layout_basic, minmay_temple_entry_mist, serial_shops, shop,
          grunt_ministairs_14, minmay_hedge_maze, serial_park_tiny_2
D:5:      layout_cave_pools, kennysheep_generic_room_9
D:6:      layout_basic, kennysheep_okawaru_gauntlet, serial_shops,
          nicolae_shop_waterfront, serial_curves, eino_curves_02, eino_curves_04
D:7:      layout_layer_cave, enter_bailey_1
D:8:      layout_basic, serial_curves, eino_curves_04, eino_curves_04
D:9:      layout_cave_pods, david_orc_3, serial_demonic, serial_demonic_d,
          serial_demonic_a, serial_demonic_c, serial_demonic_d
D:10:     kennysheep_kobold_lugonu_temple, layout_basic, serial_rivers,
          chequers_serial_rivers_small_b, chequers_serial_rivers_small_3,
          chequers_serial_rivers_small_3, chequers_serial_rivers_marsh,
          grunt_livestock
D:11:     layout_basic, david_lair_shrubbed, moated_statue,
          kennysheep_windowed_goal, uniq_lodul, uniq_josephine
D:12:     layout_irregular_city, serial_column_ruins, column_ruins_open_medium,
          column_ruins_grid_2, column_ruins_grid_1, grunt_ministairs_1,
          eino_small_chamber_without_monster, drop_trap, vehumet_altar_wand_db
D:13:     layout_roguey, skrybe_vaults_entry_preservation,
          minmay_misc_feat_ornament, uniq_maurice
D:14:     layout_cave_pods, serial_shops, shop
D:15:     gammafunk_depths_entry_grave, layout_rooms
Temple:   sentei_temple_godly_chess
Lair:1:   layout_misc_corridors, grunt_megastairs_4
Lair:2:   layout_regular_city, minmay_shoals_entry_lonely_mermaid,
          nicolae_snake_entry_warm_welcome
Lair:3:   layout_small_grid, grunt_forest_large_clearings, lemuel_fruit_tree,
          grunt_megastairs_2
Lair:4:   layout_regular_city
Lair:5:   evilmike_catoblepas_cave, layout_cave_pods,
          nicolae_slime_entry_field_trip, nzn_masters_of_martial_movement
Shoals:1: layout_shoals, st_cyclops
Shoals:2: layout_shoals, abandoned_shop, nicolae_shoals_undead_eyrie,
          uniq_roxanne
Shoals:3: cheibrodos_shoals_oceanic_diplomacy, layout_shoals,
          nicolae_shoals_nautilus_by_nature, uniq_ilsuiw, uniq_bai_suzhen,
          uniq_polyphemus
Snake:1:  nicolae_snake_hallway, layout_gridlike, nicolae_snake_naga_rites,
          uniq_aizul
Snake:2:  layout_misc_corridors
Snake:3:  layout_cave_pods, minmay_shop_star, uniq_nikola
Snake:4:  grunt_snake_rune_pools, layout_cave_town, serial_bayou_pond_d
Orc:1:    hellmonk_paralyzer, layout_diamond_mine, basic_altar, uniq_harold
Orc:2:    st_orc_town, layout_caves, nicolae_shop_vocational
Elf:1:    eino_elf_arrival_altar, layout_geoelf_grid,
          hangedman_elven_crosses_minicolossus, uniq_jorgrun
Elf:2:    elven_hall_of_blades_hangedman_alternative
          [nicolae_blade_entry_antechamber], layout_rooms, serial_shops,
          nicolae_shop_overgrown_old_shop, nicolae_elf_crossing_hall
Elf:3:    minmay_elf_hall_dome, layout_loops_cross,
          nicolae_elf_archery_training, uniq_louise, uniq_zenata
Depths:1: layout_gridlike, rand_demon_pan_entry_9, hangedman_tar_grid_catacomb,
          nicolae_uskayaw_en_pointe, minmay_misc_feat_encased,
          eino_small_chamber_without_monster, cheibrodos_ashenzari_chains,
          minmay_shop_grove, serial_bayou_shore_a
Depths:2: minmay_the_grid_octo_tiled_squarecenter
          [minmay_the_grid_octo_fan_narrow, minmay_the_grid_octo_fat_diamond,
          minmay_the_grid_octo_focus, minmay_the_grid_octo_shrine,
          minmay_the_grid_square_5x5_megaprize_diamond,
          minmay_the_grid_square_5x5_percent,
          minmay_the_grid_square_5x5_moneybag,
          minmay_the_grid_square_5x5_almost_minimal,
          minmay_the_grid_square_5x5_two_walls_a], layout_cave_pools,
          hell_entry, pan_entry, serial_shops, nicolae_shop_crystal,
          infiniplex_staircase_pool_1
Depths:3: grunt_profane_halls [grunt_profane_temple_geh,
          grunt_profane_temple_coc, grunt_profane_temple_tar,
          grunt_profane_temple_dis, grunt_profane_loot], pan_entry, hell_entry,
          abyss_entry

Skill      XL: |  1  2  3  4  5  6  7  8  9 10 11 12 13 14 15 16 17 18 19 20 21 22 23 |
---------------+----------------------------------------------------------------------+-----
Polearms       | 3 4 5 6 8 10 12 13 14 15 17 20 22 25 26 | 26.2
Dodging        | 1 2 3 4 |  4.0
Fighting       | 4 5 6 7 8 12 17 19 | 19.0
Armour         | 4 5 6 7 9 10 11 12 13 15 | 15.0
Staves         | 1 3 5 7 |  7.5
Shields        | 5 6 7 10 12 15 16 | 16.0
Stealth        | 1 2 4 |  4.0
Evocations     | 2 4 |  4.0
Invocations    | 10 12 14 20 | 20.0
Ranged Weapons | 3 8 9 |  9.0

Action                   |  1- 3 |  4- 6 |  7- 9 | 10-12 | 13-15 | 16-18 | 19-21 | 22-24 || total
-------------------------+-------+-------+-------+-------+-------+-------+-------+-------++-------
Melee: Trident           |    92 |   117 |    34 |   355 |   724 |   991 |   248 |       ||  2561
       Quarterstaff      |       |    32 |    56 |       |       |       |       |       ||    88
       Halberd           |       |       |       |       |       |       |  1003 |   716 ||  1719
Invok: Donate Gold       |       |       |       |     1 |       |       |       |     1 ||     2
       Sanctuary         |       |       |       |       |       |     4 |     3 |     7 ||    14
Evoke: Wand              |       |       |     9 |     9 |    14 |     8 |     1 |     5 ||    46
  Use: Potion            |     4 |     5 |     5 |     3 |     1 |    10 |     5 |    11 ||    44
       Scroll            |     3 |     6 |       |     4 |     4 |     6 |     2 |     4 ||    29
 Stab: Sleeping          |       |       |     1 |       |       |       |       |       ||     1
       Distracted        |       |       |       |     5 |    16 |    19 |    21 |    13 ||    74
       Petrified         |       |       |       |       |    12 |       |       |       ||    12
       Petrifying        |       |       |       |       |     1 |       |       |       ||     1
       Invisible         |       |       |       |       |       |     4 |     1 |     4 ||     9
Armor: Scale mail        |     2 |       |       |       |       |       |       |       ||     2
       Chain mail        |    35 |    61 |    20 |    58 |   141 |    36 |       |       ||   351
       Steam dragon scal |       |       |     5 |       |       |       |       |       ||     5
       Plate armour      |       |       |       |       |       |   127 |   327 |   203 ||   657
Dodge: Dodged            |    20 |    38 |    15 |    66 |    85 |    82 |   169 |   100 ||   575
Block: Buckler           |    15 |    22 |    16 |    36 |   105 |       |       |       ||   194
       Kite shield       |       |       |       |       |     1 |   247 |    27 |       ||   275
       Reflection        |       |       |       |       |       |    32 |    99 |    45 ||   176
       Tower shield      |       |       |       |       |       |       |  1008 |   701 ||  1709
       Other             |       |       |       |       |       |       |     2 |       ||     2

Table legend: (Time is in decaauts)
 A = Elapsed time spent in this place.
 B = Non-inter-level travel time spent in this place.
 C = Inter-level travel time spent in this place.
 D = Time resting spent in this place.
 E = Time spent auto-exploring this place.
 F = Levels seen in this place.
 G = Mean time per level.
                   A        B        C        D        E       F      G
               +--------+--------+--------+--------+--------+-----+--------+
         Total |  32277 |  29537 |   2740 |    187 |  20615 |  38 |  849.4 |
       Dungeon |  12886 |  11380 |   1506 |     11 |   8847 |  15 |  859.1 |
        Temple |     84 |     66 |     18 |      0 |     33 |   1 |   84.0 |
          Lair |   4865 |   4416 |    449 |      6 |   3448 |   5 |  973.0 |
        Shoals |   1555 |   1473 |     82 |      0 |   1023 |   3 |  518.3 |
     Snake Pit |   3547 |   3434 |    113 |      0 |   2256 |   4 |  886.8 |
  Orcish Mines |   1477 |   1344 |    133 |      0 |    842 |   2 |  738.5 |
   Elven Halls |   3167 |   3016 |    151 |      0 |   1799 |   3 | 1055.7 |
        Depths |   3928 |   3643 |    285 |      0 |   2055 |   3 | 1309.3 |
         Abyss |    249 |    249 |      0 |      0 |    138 |   1 |  249.0 |
        Bailey |    516 |    516 |      0 |    170 |    172 |   1 |  516.0 |
               +--------+--------+--------+--------+--------+-----+--------+

Top non-repeatable levels by time:
Depths:1: 1697 daAuts
  Lair:5: 1208 daAuts
   Elf:3: 1156 daAuts
     D:7: 1142 daAuts
Depths:2: 1140 daAuts
    D:14: 1104 daAuts
 Snake:4: 1102 daAuts
Depths:3: 1090 daAuts
    D:11: 1090 daAuts
 Snake:1: 1063 daAuts
   Elf:2: 1058 daAuts
     D:2: 1022 daAuts
  Lair:2: 999 daAuts
     D:9: 976 daAuts
  Lair:3: 961 daAuts
